 Dungeon Crawl Stone Soup version 0.20.0-10-g0535bb4 (webtiles) character file.

6085 mike2R the Jinx (level 10, -5/73 HPs)
             Began as a Spriggan Enchanter on June 3, 2017.
             Was an Initiate of Gozag.
             Slain by a wolf (7 damage)
             ... in an ice cave.
             The game lasted 01:40:03 (13727 turns).

mike2R the Jinx (Spriggan Enchanter)               Turns: 13727, Time: 01:40:06

Health: -5/73      AC: 25    Str:  4    XL:     10   Next: 58%
Magic:  4/16       EV:  4    Int: 18    God:    Gozag
Gold:   2073       SH:  0    Dex: 19    Spells: 1/16 levels left

rFire    . . .     SeeInvis +   a - +1 dagger (venom)
rCold    . . .     Gourm    .   (shield restricted)
rNeg     + + +     Faith    .   (armour currently unavailable)
rPois    +         Spirit   .   (helmet currently unavailable)
rElec    .         Reflect  .   (cloak currently unavailable)
rCorr    .         Harm     +   (gloves unavailable)
MR       ++...     NoTele   +   (boots unavailable)
Stlth    ++++......             s - amulet of harm
Regen    0.3/turn               L - ring of protection from magic
MPRegen  0.2/turn               (no ring)

@: tree-form, gold aura
A: unfitting armour, see invisible, herbivore 3, slow metabolism 2
a: Potion Petition, Call Merchant, Bribe Branch, Renounce Religion


You were in an ice cave.
You worshipped Gozag.
Gozag was most pleased with you.
You were not hungry.
You were a tree.
You visited 2 branches of the dungeon, and saw 12 of its levels.
You also visited: Ice Cave.

You collected 2115 gold pieces.
You paid 42 gold pieces to Gozag.

Inventory:

Hand Weapons
 a - a +1 dagger of venom (weapon)
 b - a +3 arbalest of velocity
 g - a +2 dagger
 I - a +0 blowgun
 J - the +9 spear "Sacseinu" {speed, rF- Int+4 Dex+9}
   (You found it on level 5 of the Dungeon)

   Attacks with this weapon are significantly faster.
   It affects your intelligence (+4).
   It affects your dexterity (+9).
   It makes you vulnerable to fire.
 K - a +1 shortbow of flaming
Missiles
 i - 287 stones
 r - 10 tomahawks (quivered)
 u - 88 sling bullets
 z - 5 curare-tipped needles
 B - 83 bolts
 E - 3 tomahawks of dispersal
 F - 10 poisoned needles
 G - 101 arrows
Armour
 w - a +1 cloak (melded)
 y - a +2 robe (melded)
 C - a scarf of cloud immunity
Jewellery
 s - an amulet of harm (around neck)
 x - an uncursed ring of teleportation
 L - a ring of protection from magic (left branch)
 M - an uncursed amulet of the gourmand
 Q - a +2 amulet of reflection {unknown}
Wands
 A - a wand of digging (24/24)
 P - a wand of clouds (0/9)
 R - a wand of lightning (3/15)
 S - a wand of disintegration (10/24)
 X - a wand of polymorph (16/24)
Scrolls
 e - 2 scrolls of teleportation
 h - 4 scrolls of recharging
 j - 2 scrolls of blinking
 p - a scroll of magic mapping
 q - a scroll of fog
 t - 3 scrolls of remove curse
 D - 4 scrolls of fear
 N - a scroll of immolation
 U - a scroll of random uselessness {unknown}
 Y - a scroll of amnesia {unknown}
Potions
 m - 2 potions of flight
 n - a potion of haste
 o - 2 potions of curing
 H - a potion of brilliance
 O - a potion of might
Books
 c - a book of Maledictions

   Spells                             Type                      Level
   a - Corona                         Hexes                        1
   b - Ensorcelled Hibernation        Hexes/Ice                    2
   c - Confuse                        Hexes                        3
   d - Tukima's Dance                 Hexes                        3
   e - Dazzling Spray                 Conjuration/Hexes            3
 f - a book of Minor Magic

   Spells                             Type                      Level
   a - Magic Dart                     Conjuration                  1
   b - Blink                          Translocation                2
   c - Call Imp                       Summoning                    2
   d - Slow                           Hexes                        2
   e - Conjure Flame                  Conjuration/Fire             3
   f - Mephitic Cloud                 Conjuration/Poison/Air       3
 k - a book of Callings

   Spells                             Type                      Level
   a - Summon Small Mammal            Summoning                    1
   b - Call Imp                       Summoning                    2
   c - Call Canine Familiar           Summoning                    3
   d - Summon Guardian Golem          Hexes/Summoning              3
   e - Summon Lightning Spire         Summoning/Air                4
   f - Summon Ice Beast               Ice/Summoning                4
 W - the Volume of Creation
   (You found it on level 11 of the Dungeon)

   Spells                             Type                      Level
   a - Call Canine Familiar           Summoning                    3
   b - Recall                         Summoning/Translocation      3
   c - Summon Ice Beast               Ice/Summoning                4
   d - Summon Forest                  Summoning/Translocation      5
Comestibles
 d - 7 bread rations
 T - 3 fruits
 V - a royal jelly


   Skills:
 - Level 3.2 Fighting
 - Level 6.6 Short Blades
 - Level 7.9 Crossbows
 - Level 2.3 Throwing
 - Level 5.3 Dodging
 - Level 9.1 Stealth
 - Level 3.6 Spellcasting
 - Level 2.6 Conjurations
 + Level 10.0 Hexes
 - Level 3.1 Fire Magic


You had one spell level left.
You knew the following spells:

 Your Spells              Type           Power        Failure   Level  Hunger
a - Corona                Hex            #####..      1%          1    None
b - Confuse               Hex            #####...     1%          3    ###....
c - Tukima's Dance        Hex            #####...     1%          3    ###....
d - Ensorcelled Hibernat  Hex/Ice        ###...       3%          2    ##.....
e - Dazzling Spray        Conj/Hex       ####..       3%          3    ###....
f - Conjure Flame         Conj/Fire      ##......     14%         3    ###....


Dungeon Overview and Level Annotations

Branches:
Dungeon (11/15)            Temple (1/1) D:6            Lair (0/6) D:11
    Orc (0/2) D:9

Altars:
Ashenzari
Cheibriados
Dithmenos
Elyvilon
Fedhas
Gozag
Hepliaklqana
Kikubaaqudgha
Nemelex Xobeh
Okawaru
Qazlal
Ru
Sif Muna
Trog
Uskayaw
Vehumet
Yredelemnul
Zin
The Shining One
Beogh

Annotations:
D:9 raph's ghost, novice MfIE


Innate Abilities, Weirdness & Mutations

You are very small and have problems with some larger weapons.
You are too small for most types of armour.
You have supernaturally acute eyesight. (SInv)
You are a herbivore.
((You cover ground extremely quickly.))
You need consume almost no food.


Message History

As you read the scroll of immolation, it crumbles to dust.
The creatures around you are filled with an inner flame!
The wolf bites you but does no damage. The wolf bites you.
* * * LOW HITPOINT WARNING * * *
The polar bear barely misses you.
The polar bear claws you but does no damage. x2
The yak gores you but does no damage. x2
You barely miss the yak.
The yak is almost dead.
The wolf bites you but does no damage.
The polar bear bites you but does no damage.
The polar bear claws you but does no damage. x2
The polar bear growls angrily.
The wolf howls!
You hit the yak but do no damage.
The yak is almost dead.
The wolf seems less confused.
The wolf is no longer distracted by gold.
The wolf bites you.
You die...
Your body crumbles into a pile of gold.

..##
.h.##
#...#
##...
#.h.#
##.Y.##
##.$Yh.##
#..h♣Y..#
#.......#
##..∩..##
##...##
#####


You could see 2 polar bears, 3 yaks and 2 wolves.

Vanquished Creatures
  An ugly thing (D:11)
  A troll (D:10)
  A steam dragon (D:10)
  A swamp drake (D:9)
  6 sky beasts
  3 orc warriors (D:9)
  4 ice beasts
  A necrophage (D:8)
  A wolf (IceCv)
  4 ogres
  4 centaurs
  A big kobold (D:8)
  5 bullfrogs
  4 scorpions
  A water moccasin skeleton (D:5)
  13 killer bees
  5 wights (D:9)
  2 electric eels (D:10)
  5 howler monkeys
  2 crimson imps
  A centaur zombie (D:5)
  A quasit (D:8)
  A jelly (D:6)
  5 orc priests
  A centaur skeleton (D:10)
  5 hounds
  6 orc wizards
  2 bullfrog skeletons
  6 iguanas
  8 worker ants
  A hound zombie (D:10)
  2 hound skeletons (D:7)
  Robin (D:2)
  2 howler monkey zombies (D:5)
  15 adders
  A howler monkey skeleton (D:7)
  3 shadow imps
  12 white imps (D:11)
  2 oozes
  2 adder zombies (D:5)
  An adder skeleton (D:7)
  5 worms
  2 dart slugs (D:2)
  3 leopard geckos
  46 orcs
  2 ball pythons
  6 giant cockroaches
  7 hobgoblins
  16 jackals
  10 quokkas
  8 bats
  8 frilled lizards
  15 goblins
  A jackal zombie (D:7)
  4 kobolds
  A leopard gecko skeleton (D:5)
  A quokka skeleton (D:4)
  7 rats
285 creatures vanquished.

Vanquished Creatures (collateral kills)
  Crazy Yiuf (D:2)
1 creature vanquished.

Vanquished Creatures (others)
  A dancing weapon (D:2)
1 creature vanquished.

Grand Total: 287 creatures vanquished

Notes
Turn   | Place    | Note
-------+----------+-------------------------------------------
     0 | D:1      | mike2R the Spriggan Enchanter began the quest for the Orb.
     0 | D:1      | Reached XP level 1. HP: 9/9 MP: 5/5
   465 | D:1      | Reached XP level 2. HP: 10/13 MP: 4/6
   917 | D:2      | Reached skill level 5 in Stealth
  1494 | D:2      | Noticed Robin
  1517 | D:2      | Reached XP level 3. HP: 16/16 MP: 6/8
  1522 | D:2      | Learned a level 3 spell: Confuse
  1526 | D:2      | Learned a level 3 spell: Tukima's Dance
  2507 | D:2      | Found a runed door.
  2511 | D:2      | Noticed Crazy Yiuf
  2518 | D:2      | Killed Crazy Yiuf
  2518 | D:2      | Reached XP level 4. HP: 21/21 MP: 0/9
  2594 | D:2      | Killed Robin
  3227 | D:3      | Found an opulent altar of Gozag.
  3255 | D:3      | Became a worshipper of Gozag Ym Sagoz the Greedy
  3713 | D:4      | Reached skill level 1 in Throwing
  3713 | D:4      | Reached XP level 5. HP: 24/24 MP: 10/10
  4255 | D:4      | Reached skill level 5 in Short Blades
  4377 | D:4      | Reached XP level 6. HP: 10/28 MP: 11/11
  4622 | D:4      | Learned a level 2 spell: Ensorcelled Hibernation
  5013 | D:5      | Entered Level 5 of the Dungeon
  5191 | D:5      | Reached skill level 4 in Hexes
  5198 | D:5      | Learned a level 3 spell: Dazzling Spray
  5489 | D:5      | Reached skill level 1 in Fighting
  5489 | D:5      | Reached XP level 7. HP: 33/33 MP: 7/13
  5528 | D:5      | Reached skill level 5 in Hexes
  5850 | D:5      | Found a glowing silver altar of Zin.
  5851 | D:5      | Found a hide-covered altar of Uskayaw.
  5951 | D:5      | Found a bloodstained altar of Trog.
  5951 | D:5      | Found a glowing golden altar of the Shining One.
  5956 | D:5      | Found a faded altar of an unknown god.
  5958 | D:5      | Found a snail-covered altar of Cheibriados.
  5960 | D:5      | Found a shattered altar of Ashenzari.
  6725 | D:5      | Reached skill level 5 in Dodging
  6777 | D:5      | Got an ancient spear
  6778 | D:5      | Identified the +9 spear "Sacseinu" {speed, rF- Int+4 Dex+9} (You found it on level 5 of the Dungeon)
  6933 | D:6      | Reached skill level 1 in Crossbows
  6933 | D:6      | Reached XP level 8. HP: 31/40 MP: 12/14
  7269 | D:6      | Found a hazy altar of Hepliaklqana.
  7654 | D:6      | Found a blossoming altar of Fedhas.
  7982 | D:6      | Found a staircase to the Ecumenical Temple.
  7990 | D:6      | Reached skill level 5 in Crossbows
  8003 | Temple   | Entered the Ecumenical Temple
  8647 | D:7      | Reached XP level 9. HP: 44/44 MP: 3/15
  8980 | D:7      | Learned a level 3 spell: Conjure Flame
  9635 | D:8      | Reached skill level 1 in Conjurations
  9635 | D:8      | Reached skill level 1 in Fire Magic
 11017 | D:9      | Found a white marble altar of Elyvilon.
 11041 | D:9      | Noticed raph's ghost (novice MfIE)
 11356 | D:9      | Found a roughly hewn altar of Beogh.
 11561 | D:9      | Reached XP level 10. HP: 49/49 MP: 12/16
 11722 | D:9      | Reached skill level 6 in Hexes
 11744 | D:9      | Found a staircase to the Orcish Mines.
 11855 | D:9      | Reached skill level 7 in Hexes
 12434 | D:10     | Entered Level 10 of the Dungeon
 12656 | D:10     | Reached skill level 8 in Hexes
 13295 | D:10     | Reached skill level 9 in Hexes
 13374 | D:11     | Noticed a brown ugly thing
 13379 | D:11     | Killed a brown ugly thing
 13405 | D:11     | Found a frozen archway.
 13610 | D:11     | Identified the Volume of Creation
 13700 | IceCv    | Entered an ice cave
 13722 | IceCv    | Reached skill level 10 in Hexes
 13725 | IceCv    | HP: 2/73 [wolf (2)]
 13727 | IceCv    | Slain by a wolf

Skill      XL: |  1  2  3  4  5  6  7  8  9 10 |
---------------+-------------------------------+-----
Short Blades   | 2 4 5 6 |  6.6
Stealth        | 5 6 7 9 |  9.1
Throwing       | 1 2 |  2.3
Spellcasting   | 3 |  3.6
Hexes          | 4 5 10 | 10.0
Fighting       | 1 3 |  3.2
Dodging        | 5 |  5.3
Crossbows      | 1 6 7 |  7.9
Conjurations   | 2 |  2.6
Fire Magic     | 3 |  3.1

Action                   |  1- 3 |  4- 6 |  7- 9 | 10-12 || total
-------------------------+-------+-------+-------+-------++-------
Melee: Dagger            |    85 |   131 |   167 |    60 ||   443
 Fire: Blowgun           |       |    18 |     7 |       ||    25
       Arbalest          |       |       |   169 |   129 ||   298
       Shortbow          |       |       |     2 |       ||     2
Throw: Tomahawk          |    39 |    19 |     6 |       ||    64
       Stone             |    10 |       |       |       ||    10
 Cast: Corona            |    55 |    23 |     6 |       ||    84
       Confuse           |     4 |     5 |    48 |    43 ||   100
       Tukima's Dance    |     4 |     1 |       |       ||     5
       Ensorcelled Hiber |       |    10 |    44 |     6 ||    60
       Conjure Flame     |       |       |    11 |       ||    11
       Dazzling Spray    |       |       |     1 |     9 ||    10
Evoke: Wand              |       |       |     4 |       ||     4
  Use: Scroll            |     2 |       |    17 |     4 ||    23
       Potion            |       |       |     2 |     3 ||     5
 Stab: Sleeping          |     5 |    24 |    34 |     6 ||    69
       Confused          |       |     2 |     6 |       ||     8
       Distracted        |       |     1 |     2 |       ||     3
  Eat: Fruit             |       |     2 |     1 |       ||     3
       Bread ration      |       |     1 |     2 |       ||     3
       Royal jelly       |       |       |       |     2 ||     2
Armor: Robe              |     8 |    11 |    18 |     2 ||    39
       Skin              |       |       |       |    29 ||    29
Dodge: Dodged            |    54 |    84 |   141 |    77 ||   356
